 Dungeon Crawl Stone Soup version 0.21.1-1-g345015f (webtiles) character file.

25 Kairos the Charmwright (level 3, 25/31 HPs)
             Began as a Gnoll Skald on Apr 24, 2018.
             Got out of the dungeon alive.
             The game lasted 00:00:43 (400 turns).

Kairos the Charmwright (Gnoll Skald)                 Turns: 400, Time: 00:00:44

Health: 25/31      AC:  3    Str: 14    XL:     3   Next: 6%
Magic:  9/9        EV: 14    Int: 15    God:
Gold:   30         SH:  0    Dex: 14    Spells: 10/11 levels left

rFire    . . .     SeeInvis .   a - +0 mace
rCold    . . .     Gourm    .   (no shield)
rNeg     . . .     Faith    .   b - +0 leather armour
rPois    .         Spirit   .   (no helmet)
rElec    .         Reflect  .   (no cloak)
rCorr    .         Harm     .   (no gloves)
MR       .....                  (no boots)
Stlth    +.........             (no amulet)
HPRegen  0.10/turn              (no ring)
MPRegen  0.11/turn              (no ring)

@: no status effects
A: distributed training, fangs 1, strong nose
a: no special abilities


You escaped.
You were not hungry.

You visited 1 branch of the dungeon, and saw 1 of its levels.

You collected 30 gold pieces.

Inventory:

Hand Weapons
 a - a +0 mace (weapon)
Armour
 b - a +0 leather armour (worn)
Scrolls
 f - 2 scrolls of enchant armour {unknown}
Potions
 e - a potion of agility {unknown}
 g - a potion of cancellation {unknown}
 h - a potion of brilliance {unknown}
Books
 c - a book of Battle

   Spells                             Type                      Level
   a - Infusion                       Charms                       1
   b - Shroud of Golubria             Charms/Translocation         2
   c - Song of Slaying                Charms                       2
   d - Spectral Weapon                Hexes/Charms                 3
   e - Regeneration                   Charms/Necromancy            3
Comestibles
 d - a ration


   Skills:
 + Level 4.5 Fighting
 + Level 0.5 Short Blades
 + Level 0.5 Long Blades
 + Level 0.5 Axes
 + Level 4.5 Maces & Flails
 + Level 0.5 Polearms
 + Level 0.5 Staves
 + Level 0.5 Slings
 + Level 0.5 Bows
 + Level 0.5 Crossbows
 + Level 0.5 Throwing
 + Level 2.5 Armour
 + Level 4.5 Dodging
 + Level 0.5 Stealth
 + Level 0.5 Shields
 + Level 0.5 Unarmed Combat
 + Level 4.9 Spellcasting
 + Level 0.4 Conjurations
 + Level 0.4 Hexes
 + Level 5.4 Charms
 + Level 0.4 Summonings
 + Level 0.4 Necromancy
 + Level 0.4 Translocations
 + Level 0.4 Transmutations
 + Level 0.4 Fire Magic
 + Level 0.4 Ice Magic
 + Level 0.4 Air Magic
 + Level 0.4 Earth Magic
 + Level 0.4 Poison Magic
 + Level 0.7 Invocations
 + Level 0.5 Evocations


You had 10 spell levels left.
You knew the following spells:

 Your Spells              Type           Power        Failure   Level  Hunger
a - Infusion              Chrm           ###.         2%          1    None


Dungeon Overview and Level Annotations

Branches:
Dungeon (1/15)

Altars:


Innate Abilities, Weirdness & Mutations

Your experience applies equally to all skills.
You have very sharp teeth.
Your uncanny sense of smell can sniff out nearby items.


Message History

The bat hits you but does no damage. The hobgoblin hits you.
You hit the hobgoblin.
The hobgoblin is severely wounded.
The bat hits you but does no damage. The hobgoblin misses you. x2
You thump the hobgoblin!
You kill the hobgoblin!
You have reached level 3!
Your experience leads to an increase in your attributes!
Increase (S)trength, (I)ntelligence, or (D)exterity?
You feel stronger. The bat hits you but does no damage.
You hit the bat.
You kill the bat!
No target in view!
No target in view!
No target in view!
No target in view!
There is a staircase leading out of the dungeon here.
Are you sure you want to leave the Dungeon?
This will make you lose the game!
You have escaped!

##.#########################.†###
##.#.†..###### ##..##.#### #..###
##.####..#.#.###.###.....###.....
#.#.###..#...........≈...###.##.
##.#.#....##..≈≈≈.....≈≈≈...#....
##...##......≈≈≈≈.≈....≈≈≈..#....
##....#..≈≈..≈≈≈.≈≈≈≈......##....
##.##.##..≈≈≈≈≈...≈≈≈≈...####....
##.###.##..≈≈≈..@..≈≈≈.).##.#....
##.####...≈≈≈≈≈...≈≈≈≈≈.##.......
##.##..#...≈≈≈≈≈.≈≈≈≈≈...##......
#.####......≈≈.≈≈≈≈...###..#.##.
#.#.####......≈≈≈......#..##.##.
#.#.....#..##............##..##.
#.#..#.....########....###...##.
#.##)##.#### #####. #.#.#..
#.######### ###.#.###


There were no monsters in sight!

Vanquished Creatures
  A leopard gecko (D:1)
  A giant cockroach (D:1)
  5 goblins (D:1)
  A hobgoblin (D:1)
  5 bats (D:1)
  4 frilled lizards (D:1)
  3 kobolds (D:1)
  5 rats (D:1)
25 creatures vanquished.

Notes
Turn   | Place    | Note
-------+----------+-------------------------------------------
     0 | D:1      | Kairos the Gnoll Skald began the quest for the Orb.
     0 | D:1      | Reached XP level 1. HP: 20/20 MP: 6/6
   144 | D:1      | Reached XP level 2. HP: 19/26 MP: 7/7
   363 | D:1      | Reached XP level 3. HP: 21/31 MP: 9/9
   400 | D:$      | Got out of the dungeon alive.

Action                   || total
-------------------------++-------
Melee: Mace              ||    59
       Bite              ||     3
Armor: Leather armour    ||    13
Dodge: Dodged            ||    47
